Map: Jagannatha LE

Players

Massa

  • Race: Terran Terran
  • League: Platinum
  • Spawn Location: 1:00

LittlePrince - Winner!

  • Race: Zerg Zerg
  • League: Platinum
  • Spawn Location: 7:00

VOD

Have the link to the VOD?

Description

Time

  • Played on: Feb. 26, 2021, 3:06 p.m.
  • Length: 19:02
Show
View Real Time Build Order
Export as new Build Order

Massa Terran 

Build Orders: Hellion Banshee 

Get SALT Encoding   

  12  0:00  SCV  
  13  0:13  SCV  
  14  0:21  Supply Depot  
  14  0:25  SCV  
  15  0:42  SCV  
  16  0:43  Barracks  
  16  0:45  Refinery  
  16  0:56  SCV  
  17  1:08  SCV  
  18  1:21  SCV  
  19  1:34  Orbital Command  
  19  1:54  Command Center  
  19  1:56  Barracks Reactor  
  19  2:01  SCV  
  20  2:09  Supply Depot  
  20  2:13  Factory  
  20  2:16  SCV  
  21  2:30  SCV  
  21  2:33  Marine  
  21  2:34  Marine  
  24  2:42  Supply Depot  
  24  2:49  SCV  
  25  2:51  Marine x2  
  25  2:57  Refinery  
  27  3:00  Starport  
  27  3:05  Hellion  
  29  3:09  Orbital Command, Marine x2  
  31  3:16  SCV  
  32  3:29  SCV  
  33  3:37  Barracks Tech Lab  
  33  3:39  Hellion x2  
  37  3:47  SCV x2  
  39  4:00  Hellion x2  
  39  4:01  SCV x2  
  45  4:02  Barracks Tech Lab  
  45  4:13  SCV x2  
  45  4:27  Hellion  
  45  4:28  Hellion  
  39  4:50  Banshee, Hellion x2  
  39  4:51  Cloaking Field  
  46  4:53  Marine  
  47  5:00  Command Center  
  47  5:01  Barracks  
  47  5:02  Barracks  
  47  5:03  Factory  
  47  5:11  Marine  
  47  5:12  Supply Depot  
  47  5:13  Engineering Bay, Supply Depot  
  48  5:15  SCV  
  48  5:16  SCV  
  52  5:22  Hellion  
  52  5:34  Hellion  
  54  5:35  Banshee  
  54  5:37  SCV x2  
  54  5:39  Marine  
  60  5:44  Hellion, Stimpack  
  60  5:49  SCV x2  
  64  5:51  Missile Turret  
  64  5:52  Factory Tech Lab  
  64  5:53  Barracks Reactor  
  64  5:57  Barracks Tech Lab  
  64  6:01  SCV  
  64  6:02  Missile Turret  
  65  6:13  Marine  
  65  6:14  Widow Mine x2  
  65  6:17  Combat Shield  
  65  6:18  Banshee  
  70  6:19  Siege Tank  
  59  7:19  SCV x2  
  58  7:31  SCV x2  
  58  7:35  Widow Mine x2, Medivac  
  66  7:37  Concussive Shells  
  66  7:39  Marauder x2, Marine x2  
  66  7:43  SCV x2, Planetary Fortress  
  74  7:51  Refinery  
  74  7:52  Refinery  
  74  7:55  SCV x2  
  74  7:57  Marine  
  77  8:00  Barracks, Marauder x2  
  77  8:02  Barracks x2  
  77  8:03  Terran Infantry Weapons Level 1  
  77  8:04  Supply Depot  
  81  8:06  Barracks, Supply Depot  
  81  8:08  Supply Depot  
  81  8:12  SCV x2, Engineering Bay  
  83  8:19  Refinery x2  
  83  8:21  Marauder  
  83  8:26  SCV x2  
  87  8:29  Supply Depot  
  87  8:30  Supply Depot  
  87  8:32  Supply Depot x2  
  87  8:33  Supply Depot  
  87  8:36  Armory, Marauder, Marine x2  
  87  8:38  SCV x2  
  93  8:43  Marauder  
  95  8:50  Siege Tank  
  95  8:51  Widow Mine x2  
  95  8:54  Marine x2  
  95  8:55  Supply Depot  
  104  8:57  Marine  
  105  9:03  Marine  
  106  9:13  SCV x3  
  106  9:22  Siege Tank  
  106  9:23  Barracks Reactor, Barracks Tech Lab, Command Center  
  109  9:24  Barracks Tech Lab  
  109  9:25  SCV x3  
  109  9:28  Terran Vehicle Weapons Level 1  
  109  9:29  Terran Infantry Armor Level 1  
  112  9:31  Barracks Tech Lab  
  112  9:37  SCV, Missile Turret  
  112  9:38  Missile Turret  
  113  9:41  Missile Turret  
  113  9:43  SCV x2  
  113  9:44  Marauder x2, Marine x2  
  121  9:49  SCV  
  121  9:52  Widow Mine x2  
  126  9:54  Siege Tank  
  126  9:55  SCV x2  
  126  9:59  Sensor Tower  
  131  10:01  Missile Turret  
  131  10:02  Missile Turret  
  131  10:03  Missile Turret  
  131  10:05  Marauder x2  
  131  10:06  Medivac  
  137  10:39  Factory Tech Lab  
  135  10:44  Supply Depot  
  135  10:53  Missile Turret  
  135  10:54  Missile Turret  
  135  10:56  Sensor Tower  
  129  11:10  SCV x4  
  133  11:13  Marauder x2, Missile Turret  
  133  11:14  Marauder x3, Marine x4  
  133  11:17  Medivac  
  147  11:22  SCV x4  
  151  11:31  Siege Tank x2  
  151  11:32  Marine x2  
  159  11:34  SCV x3  
  159  11:35  Marauder x2  
  167  11:41  Sensor Tower  
  167  11:46  SCV  
  167  11:47  Medivac  
  169  12:02  Command Center  
  169  12:03  Siege Tank x2  
  169  12:04  Terran Infantry Armor Level 2, Terran Infantry Weapons Level 2  
  169  12:05  Terran Vehicle And Ship Armor Level 1  
  169  12:08  Marauder x2  
  179  12:21  Marauder, Medivac  
  179  12:25  Planetary Fortress  
  179  12:32  Missile Turret x2  
  179  12:35  Sensor Tower  
  179  12:48  Supply Depot  
  179  12:50  Supply Depot  
  179  12:51  Supply Depot x2  
  179  12:54  Missile Turret  
  179  13:00  Ghost Academy  
  179  13:02  Drilling Claws  
  179  13:04  Smart Servos  
  179  13:10  Marauder x3, Siege Tank  
  179  13:12  Siege Tank  
  191  13:15  Supply Depot  
  187  14:00  SCV x2  
  187  14:01  SCV x2  
  191  14:06  Refinery  
  191  14:07  Refinery  
  191  14:08  Terran Vehicle Weapons Level 2  
  191  14:12  SCV  
  191  14:13  SCV x3  
  158  15:00  SCV x3  
  151  15:12  SCV x3  
  152  15:16  Medivac  
  149  15:26  Marauder x4  
  149  15:27  Marauder, Marine x4  
  160  15:44  Marine  
  160  15:45  Marine x3  
  160  15:46  Medivac  
  160  15:47  Marauder x2  
  160  15:48  Marauder x3  
  176  16:02  Marine  
  176  16:03  Marine x3  
  178  16:08  Marauder  
  178  16:09  Marauder, Marine x3, Planetary Fortress  
  173  16:16  Medivac  
  175  16:20  Marine  
  175  16:21  Marine  
  177  16:41  Siege Tank x2  
  183  17:13  Siege Tank x2  
  160  17:16  Marauder x5, Marine x4  
  160  17:19  SCV x4  
  159  17:31  SCV x3  
  153  17:37  Marauder  
  153  17:44  Raven  
  157  17:45  Siege Tank  
  132  18:14  Siege Tank  
  132  18:16  Marauder x5  
  132  18:17  Marine x4, Siege Tank  
  152  18:23  Sensor Tower  
  152  18:24  Missile Turret  
  130  18:35  Marine x4  
  130  18:37  Marauder x3, Marine  
  130  18:38  Marauder  
Show
View Real Time Build Order
Export as new Build Order

LittlePrince Zerg - Winner!

Build Orders: Hatch First, Lurkers 

Get SALT Encoding   

  12  0:01  Drone  
  13  0:12  Drone  
  14  0:17  Overlord  
  14  0:35  Drone  
  14  0:36  Drone  
  14  0:40  Drone  
  17  0:52  Hatchery  
  16  0:59  Drone  
  16  1:00  Drone  
  18  1:08  Drone  
  19  1:13  Extractor  
  18  1:19  Spawning Pool  
  18  1:21  Drone  
  18  1:31  Drone  
  19  1:44  Overlord  
  19  1:58  Hatchery  
  18  2:02  Drone  
  18  2:03  Drone  
  18  2:06  Zergling x2  
  21  2:12  Queen  
  23  2:21  Queen  
  25  2:27  Drone  
  25  2:28  Drone  
  27  2:32  Zergling x2  
  28  2:40  Metabolic Boost  
  28  2:42  Drone  
  29  2:44  Drone  
  30  2:53  Drone  
  30  2:56  Queen  
  33  3:00  Overlord  
  33  3:04  Drone  
  34  3:06  Drone x2  
  34  3:10  Drone  
  37  3:15  Overlord  
  37  3:19  Queen  
  37  3:22  Drone  
  37  3:23  Drone  
  41  3:27  Overlord  
  41  3:29  Drone  
  42  3:42  Drone, Baneling Nest  
  42  3:43  Drone  
  42  3:47  Queen  
  45  3:53  Queen  
  45  3:54  Drone x2  
  45  3:55  Drone  
  50  3:58  Drone  
  50  4:00  Extractor  
  50  4:04  Zergling x6  
  52  4:19  Zergling x4  
  52  4:20  Zergling x6  
  53  4:32  Zergling x4  
  53  4:35  Zergling x8  
  53  4:36  Zergling x2  
  53  4:47  Drone, Zergling x4  
  56  4:55  Drone  
  56  4:57  Lair  
  56  4:58  Overlord  
  57  5:00  Extractor  
  57  5:04  Extractor  
  57  5:07  Zergling x6  
  57  5:13  Overlord  
  58  5:18  Evolution Chamber  
  58  5:19  Spore Crawler, Evolution Chamber  
  55  5:29  Zergling x4  
  55  5:30  Zergling x6  
  55  5:32  Baneling x3  
  55  5:33  Baneling x4  
  55  5:34  Drone  
  61  5:36  Drone  
  61  5:37  Drone x3  
  65  5:48  Drone x2  
  65  5:49  Drone x2  
  70  5:50  Drone  
  70  5:59  Zergling x4  
  70  6:00  Zergling x2  
  70  6:01  Centrifical Hooks  
  70  6:04  Zerg Melee Weapons Level 1  
  73  6:05  Drone  
  73  6:07  Overlord x2  
  73  6:10  Extractor  
  73  6:11  Extractor  
  73  6:12  Overlord x2  
  73  6:15  Drone  
  73  6:16  Drone  
  73  6:18  Baneling x3  
  74  6:24  Hatchery  
  73  6:27  Zergling x2  
  74  6:33  Spore Crawler, Overseer  
  71  6:42  Drone x4  
  64  7:02  Drone  
  64  7:03  Drone x8  
  64  7:04  Drone x2  
  75  7:11  Drone x4  
  75  7:13  Drone x5  
  84  7:15  Zerg Ground Armor Level 1  
  84  7:18  Drone x2  
  84  7:21  Drone  
  87  7:35  Spire  
  86  7:40  Spore Crawler  
  86  7:51  Drone x2  
  86  7:52  Queen  
  86  7:53  Drone x6  
  95  8:02  Drone x3  
  95  8:03  Queen  
  95  8:04  Drone x4  
  104  8:12  Pneumatized Carapace  
  104  8:16  Zerg Melee Weapons Level 2  
  104  8:22  Extractor  
  104  8:23  Extractor, Overlord x2  
  102  8:34  Spore Crawler  
  101  8:35  Hydralisk Den  
  100  8:45  Queen  
  102  8:49  Zergling x6  
  102  8:50  Zergling x20  
  102  8:51  Zergling x2  
  102  8:55  Queen  
  118  8:56  Infestation Pit  
  117  9:13  Baneling x3  
  117  9:14  Baneling x3  
  117  9:20  Queen  
  117  9:24  Overlord  
  119  9:25  Overseer x2  
  119  9:31  Zergling x2  
  119  9:33  Overlord, Hive  
  119  9:35  Muscular Augments  
  119  9:37  Zerg Ground Armor Level 2  
  120  9:39  Pathogen Glands  
  120  9:40  Hatchery, Overlord  
  120  9:41  Evolution Chamber  
  118  9:48  Hatchery  
  118  9:50  Hydralisk x5  
  127  10:12  Overlord  
  127  10:16  Baneling x6  
  127  10:17  Baneling  
  127  10:20  Overlord  
  127  10:23  Infestor x3  
  127  10:24  Zergling x2  
  127  10:25  Zergling x2  
  135  10:28  Overlord  
  135  10:32  Baneling x4  
  135  10:33  Baneling  
  135  10:41  Overlord  
  131  10:44  Baneling  
  131  10:45  Baneling x3  
  131  10:46  Grooved Spines  
  129  11:04  Overlord  
  129  11:08  Viper x2  
  133  11:22  Zerg Melee Weapons Level 3  
  133  11:24  Zerg Missile Weapons Level 1  
  133  11:25  Lurker Den  
  132  11:26  Greater Spire  
  132  11:32  Overlord  
  132  11:39  Drone  
  133  11:40  Drone x5  
  133  11:45  Queen  
  140  12:00  Extractor  
  140  12:01  Overlord  
  139  12:02  Extractor  
  139  12:04  Extractor  
  139  12:05  Extractor  
  136  12:09  Drone x2  
  136  12:10  Drone, Hydralisk x2  
  136  12:11  Hydralisk x6  
  136  12:14  Hydralisk  
  136  12:15  Hydralisk x3  
  160  12:25  Hydralisk x3  
  160  12:27  Adaptive Talons  
  166  12:34  Lurker x5  
  166  12:35  Zergling x2  
  166  12:36  Zergling x10  
  177  12:37  Zergling x4  
  177  12:38  Hydralisk x5, Zergling x22  
  177  12:42  Overlord  
  200  13:11  Overlord  
  199  13:30  Baneling  
  199  13:33  Baneling  
  195  14:03  Baneling  
  195  14:04  Baneling x14  
  195  14:05  Baneling  
  186  14:20  Corruptor x5  
  186  14:21  Corruptor x2  
  190  14:54  Zergling x2  
  190  14:55  Zergling x4  
  193  15:13  Zergling x12  
  193  15:14  Zergling x8  
  193  15:24  Drone x6  
  199  15:33  Zerg Missile Weapons Level 2, Zerg Ground Armor Level 3  
  199  15:36  Seismic Spines  
  199  15:37  Zerg Flyer Weapons Level 1  
  181  16:14  Drone x5  
  181  16:15  Drone x2  
  187  16:30  Zergling x2  
  187  16:31  Zergling x8  
  185  16:42  Spine Crawler  
  185  16:44  Spine Crawler  
  185  16:45  Spine Crawler  
  183  16:47  Lurker x2  
  183  16:48  Lurker x6  
  190  17:18  Zergling x2  
  190  17:19  Zergling x18  
  199  17:23  Spine Crawler  
  199  17:25  Spine Crawler  
  166  17:37  Zergling x2  
  166  17:38  Zergling x8  
  166  17:42  Hydralisk x2  
  166  17:43  Hydralisk x3  
  175  17:45  Zergling x10  
  175  17:46  Zergling x4  
  175  17:49  Brood Lord x2  
  175  17:50  Brood Lord x5  
  196  17:52  Zergling x6  
  196  18:07  Zergling x4  
  196  18:08  Zergling x4  
  196  18:09  Baneling x3  
  196  18:10  Baneling x5  
Tags
 
Add a new tag
Caveats
  • Supply blocks, unpowered buildings, or Contaminate may cause inaccurate times.
  • Supply counts are checked every 10 seconds.